 Dungeon Sprint DCSS version 0.24-a0-539-g6aae15e (webtiles) character file.

Game seed: 12571082041068022610

65 Faca the Destroyer (level 3, -1/19 HPs)
             Began as a Deep Elf Conjurer on Aug 17, 2019.
             Was an Initiate of Vehumet.
             Slain by a mummy (10 damage)
             ... in the Dungeon (Sprint V: "Ziggurat Sprint").
             The game lasted 00:03:30 (357 turns).

Faca the Destroyer (Deep Elf Conjurer)               Turns: 357, Time: 00:03:30

Health: -1/19      AC:  2    Str:  5    XL:     3   Next: 92%
Magic:  7/14       EV: 13    Int: 32    God:    Vehumet [......]
Gold:   0          SH:  0    Dex: 15    Spells: 16/17 levels left

rFire    . . .     SeeInvis .   E - staff of energy
rCold    . . .     Gourm    .   (no shield)
rNeg     . . .     Faith    .   a - +0 robe
rPois    .         Spirit   .   (no helmet)
rElec    .         Reflect  .   (no cloak)
rCorr    .         Harm     .   (no gloves)
MR       .....     NoTele   +   (no boots)
Stlth    ++........             (no amulet)
HPRegen  0.06/turn              y - +6 ring of intelligence
MPRegen  0.14/turn              x - +6 ring of intelligence

@: no status effects
A: no striking features
a: Renounce Religion


You were in the Dungeon.
You worshipped Vehumet.
Vehumet was noncommittal.
You were not hungry.

You visited 1 branch

Inventory:

Armour
 a - a +0 robe (worn)
 G - a +3 buckler
Magical Staves
 E - an uncursed staff of energy (weapon)
Jewellery
 u - an uncursed ring of flight
 v - a +6 ring of dexterity
 w - a +6 ring of dexterity
 x - a +6 ring of intelligence (right hand)
 y - a +6 ring of intelligence (left hand)
 z - a +6 ring of strength
 A - a +6 ring of strength
Wands
 B - a wand of disintegration (7)
 C - a wand of iceblast (7)
 D - a wand of acid (7)
Scrolls
 i - 4 scrolls of blinking
 o - 4 scrolls of amnesia
 p - 7 scrolls of fog
 q - a scroll of holy word
 r - 5 scrolls of identify
 s - 5 scrolls of remove curse
 t - 2 scrolls of fear
Potions
 b - 2 potions of brilliance
 d - 10 potions of curing
 e - 10 potions of heal wounds
 f - 6 potions of haste
 g - 7 potions of magic
 h - 3 potions of berserk rage
 j - 2 potions of invisibility
 k - 4 potions of resistance
 m - 5 potions of agility
 n - 5 potions of might
Miscellaneous
 F - a crystal ball of energy
Comestibles
 c - 7 rations


   Skills:
 - Level 2.4 Dodging
 - Level 2.4 Stealth
 + Level 7.9 Spellcasting
 + Level 9.3 Conjurations


You had 16 spell levels left.
You knew the following spells:

 Your Spells              Type           Power        Failure   Level  Hunger
a - Magic Dart            Conj           ####         1%          1    None

Your spell library contained the following spells:

 Spells                   Type           Power        Failure   Level  Hunger
 Searing Ray              Conj           ######       1%          2    None
 Dazzling Spray           Conj/Hex       #####.       1%          3    None
 Iskenderun's Mystic Bla  Conj           ######..     1%          4    None
 Force Lance              Conj/Tloc      #####...     5%          4    None
 Fulminant Prism          Conj/Hex       #####.....   5%          4    None


Dungeon Overview and Level Annotations

Branches:
Dungeon (1/1)

Altars:
Ashenzari
Cheibriados
Dithmenos
Elyvilon
Fedhas
Gozag
Hepliaklqana
Kikubaaqudgha
Makhleb
Nemelex Xobeh
Okawaru
Qazlal
Ru
Sif Muna
Trog
Uskayaw
Vehumet
Wu Jian
Xom
Yredelemnul
Zin
The Shining One
Beogh
Jiyva
Lugonu

Annotations:
D 1 transporter


Message History

A transporter landing site.
Unknown command.
You can't go up here!
You can't go up here!
Casting: Magic Dart (safe; 1% risk of failure)
Confirm with . or Enter, or press ? or * to list all spells.
Aiming: Magic Dart (safe; 1% risk of failure)
Press: ? - help, Shift-Dir - straight line, f - mummy
Aim: a mummy The magic dart hits the mummy but does no damage.
The mummy priest hits you. The ushabti hits you.
Casting: Magic Dart (safe; 1% risk of failure)
Confirm with . or Enter, or press ? or * to list all spells.
Aiming: Magic Dart (safe; 1% risk of failure)
Press: ? - help, Shift-Dir - straight line, f/p - mummy
Aim: a mummy The magic dart hits the mummy but does no damage.
The mummy hits you!
Ouch! That really hurt!
You die...

▓▓▓▓▓▓▓▓▓▓▓▓▓
▓.8©8.▓.8©8.▓
▓.[!=.▓.....▓
▓.....▓.|...▓
▓.....▓.....▓
▓.....▓.))..▓
▓.MM8.▓..©..▓
▓..@..▓▓▓▓▓▓▓
▓▓▓▓▓▓▓


You could see a mummy priest, an ushabti and a mummy.

Vanquished Creatures
  2 orc priests (D)
2 creatures vanquished.

Vanquished Creatures (others)
  A spatial maelstrom (D)
1 creature vanquished.

Grand Total: 3 creatures vanquished

Notes
Turn   | Place    | Note
-------+----------+-------------------------------------------
     0 | D        | Faca the Deep Elf Conjurer began the quest for the Orb.
     0 | D        | Reached XP level 1. HP: 10/10 MP: 6/6
     0 | D        | Found a shimmering blue altar of Sif Muna.
     0 | D        | Found a sacrificial altar of Ru.
     0 | D        | Found a bloodstained altar of Trog.
     0 | D        | Found a stormy altar of Qazlal.
     0 | D        | Found an iron altar of Okawaru.
     0 | D        | Found a sparkling altar of Nemelex Xobeh.
     0 | D        | Found a blossoming altar of Fedhas.
     1 | D        | Found the +6 Majin-Bo {vamp, Archmagi MP+6 Int+6}
     1 | D        | Found the +7 great mace "Firestarter" {inner flame, rF++}
     2 | D        | Found a transporter.
     2 | D        | Found an ancient bone altar of Kikubaaqudgha.
     2 | D        | Found a viscous altar of Jiyva.
     2 | D        | Found a corrupted altar of Lugonu.
     2 | D        | Found a hazy altar of Hepliaklqana.
     2 | D        | Found a burning altar of Makhleb.
     2 | D        | Found an opulent altar of Gozag.
     5 | D        | Banished a spatial maelstrom
    47 | D        | Found the +9 heavy crossbow "Sniper" {velocity, Acc+∞ SInv}
    47 | D        | Found the +10 dark maul {crush}
    47 | D        | Found the +15 Maxwell's patent armour {-Cast -Tele rElec
                  | MR+ rCorr}
    47 | D        | Found the +18 shield of the Gong {rElec rN+ MR+ EV-5}
    47 | D        | Found the cursed +14 obsidian axe {chop, +Fly SInv *Curse}
    48 | D        | Found the +6 shillelagh "Devastator" {shatter}
    48 | D        | Found the +11 plutonium sword {*Contam Stlth-}
    48 | D        | Found the +8 lance "Wyrmbane" {slay drac, rPois rF+ rC+
                  | AC+3}
    48 | D        | Found the +9 sword of Zonguldrok {reap}
    48 | D        | Found the cursed +13 scythe of Curses {drain, *Curse}
    48 | D        | Found the +0 sword of Power
    48 | D        | Found the +7 mace of Variability {chain chaos}
    48 | D        | Found the +7 Singing Sword {slice, sonic wave}
    48 | D        | Found the +8 storm bow {elec, penet}
    59 | D        | Became a worshipper of Vehumet
    64 | D        | Reached skill level 7 in Conjurations
    64 | D        | Reached XP level 2. HP: 15/15 MP: 7/12
   105 | D        | Entered arena 2.
   105 | D        | Found a transporter.
   108 | D        | Reached skill level 8 in Conjurations
   108 | D        | Reached XP level 3. HP: 19/19 MP: 10/14
   111 | D        | Reached skill level 9 in Conjurations
   349 | D        | Entered arena 3.
   349 | D        | Noticed a mummy priest
   349 | D        | Noticed an ushabti
   349 | D        | Found a transporter.
   357 | D        | Slain by a mummy

Levels and vault maps discovered:
D:        sprint_v [room_start, room_1, room_2, room_3, room_4, room_5, room_6,
          room_7, room_8, room_9, room_10, room_11, room_12, room_13, room_14,
          room_15, room_16, room_17, room_18, room_19, room_20, room_21,
          room_22, room_23, room_24, room_25, room_26, room_27]

Skill      XL: |  1  2  3 |
---------------+----------+-----
Spellcasting   | 7 |  7.9
Conjurations   | 7 8 9 |  9.3
Dodging        | |  2.4
Stealth        | |  2.4

Action                   || total
-------------------------++-------
 Cast: Magic Dart        ||    14
  Use: Potion            ||     1
Dodge: Dodged            ||     1

Table legend:
 A = Non-vault XP
 B = Vault XP
 C = Vault XP percentage of total XP
 D = Non-vault monster count
 E = Vault monster count
 F = Vault count percentage of total count
                 A         B        C        D         E       F
            +---------+---------+-------+---------+---------+-------
      Total |       0 |      81 | 100.0 |       0 |       2 | 100.0
            +---------+---------+-------+---------+---------+-------
          D |       0 |      81 | 100.0 |       0 |       2 | 100.0
            +---------+---------+-------+---------+---------+-------
